 Dungeon Crawl Stone Soup version 0.24-a0-537-g2d01d4a (console) character file.

Game seed: 10539009978566361980

24397 vegansnacktivist the Cleaver (level 12, -1/96 HPs)
             Began as a Deep Dwarf Fighter on Aug 14, 2019.
             Was a High Priest of Makhleb.
             Slain by a spiny frog (13 damage)
             ... on level 2 of the Lair of Beasts.
             The game lasted 00:41:21 (13217 turns).

vegansnacktivist the Cleaver (Deep Dwarf Fighter)  Turns: 13217, Time: 00:41:21

Health: -1/96      AC: 12    Str: 25    XL:     12   Next: 80%
Magic:  0/0        EV: 18    Int:  9    God:    Makhleb [*****.]
Gold:   1185       SH:  0    Dex: 12    Spells: 11/11 levels left

rFire    . . .     SeeInvis .   U - +1 battleaxe (flame)
rCold    + . .     Gourm    .   (shield currently unavailable)
rNeg     + . .     Faith    .   S - +0 acid dragon scales
rPois    .         Spirit   .   y - +0 helmet
rElec    .         Reflect  .   n - +0 cloak
rCorr    +         Harm     .   (no gloves)
MR       +....                  (no boots)
Stlth    +.........             (no amulet)
HPRegen  0.00/turn              p - ring of protection from cold
MPRegen  0.07/turn              Q - ring of positive energy

@: non-regenerating
A: damage resistance, heal wounds, sense surroundings 2, no regeneration
a: Heal Wounds, Minor Destruction, Lesser Servant of Makhleb, Major Destruction,
Greater Servant of Makhleb, Renounce Religion


You were on level 2 of the Lair of Beasts.
You worshipped Makhleb.
Makhleb was extremely pleased with you.
You were not hungry.

You visited 3 branches of the dungeon, and saw 15 of its levels.
You also visited: Sewer.

You collected 1185 gold pieces.

Inventory:

Hand Weapons
 U - a +1 battleaxe of flaming (weapon)
Missiles
 g - a throwing net
 w - 33 poisoned darts (quivered)
Armour
 n - a +0 cloak (worn)
 y - a +0 helmet (worn)
 S - +0 acid dragon scales (worn)
Jewellery
 b - an uncursed ring of positive energy
 c - an uncursed amulet of faith {unknown}
 j - a +1 ring of evasion {unknown}
 p - a ring of protection from cold (left hand)
 I - an uncursed ring of flight
 Q - a ring of positive energy (right hand)
Wands
 x - a wand of polymorph (20)
 G - a wand of iceblast (22)
 K - a wand of random effects (19)
 L - a wand of scattershot (3)
 N - a wand of enslavement (4)
Scrolls
 i - 12 scrolls of remove curse
 l - 7 scrolls of blinking
 m - a scroll of amnesia
 q - 5 scrolls of enchant armour {unknown}
 s - 3 scrolls of enchant weapon {unknown}
 u - 3 scrolls of fear {unknown}
 v - 9 scrolls of teleportation {unknown}
 B - a scroll of silence {unknown}
 C - 7 scrolls of magic mapping {unknown}
Potions
 d - 3 potions of might
 e - 5 potions of heal wounds
 h - a potion of brilliance
 o - 2 potions of agility
 r - 5 potions of curing
 t - a potion of magic
 z - 2 potions of flight
 D - a potion of resistance
 E - 3 potions of haste
 F - a potion of invisibility
 H - 2 potions of mutation
 O - 2 potions of cancellation
 P - 3 potions of lignification
 R - a potion of berserk rage
Miscellaneous
 a - a lamp of fire
Comestibles
 f - 26 rations
 k - 10 chunks of flesh


   Skills:
 - Level 2.6 Fighting
 + Level 12.7 Axes
 - Level 5.2 Throwing
 - Level 11.1 Armour
 - Level 11.2 Dodging
   Level 3.2 Shields
 - Level 11.1 Invocations
 - Level 7.3 Evocations


You had 11 spell levels left.
You didn't know any spells.
Your spell library contained the following spells:

 Spells                   Type           Power        Failure   Level  Hunger
 Magic Dart               Conj           #...         43%         1    ##.....
 Shock                    Conj/Air       #...         43%         1    ##.....
 Sting                    Conj/Pois      #...         43%         1    ##.....
 Blink                    Tloc           N/A          56%         2    ###....
 Call Imp                 Summ           #.......     56%         2    ###....
 Poisonous Vapours        Pois/Air       #.....       56%         2    ###....
 Slow                     Hex            #.......     56%         2    ###....
 Swiftness                Chrm/Air       #.......     56%         2    ###....
 Conjure Flame            Conj/Fire      #.......     80%         3    ####...
 Mephitic Cloud           Conj/Pois/Air  #.......     80%         3    ####...
 Static Discharge         Conj/Air       #.......     80%         3    ####...
 Airstrike                Air            #.........   99%         4    #####..
 Olgreb's Toxic Radiance  Pois           #.......     99%         4    #####..
 Lightning Bolt           Conj/Air       #.........   100%        5    ######.
 Venom Bolt               Conj/Pois      #.........   100%        5    ######.


Dungeon Overview and Level Annotations

Branches:
Dungeon (12/15)            Temple (1/1) D:5            Lair (2/6) D:8
    Orc (0/2) D:12
  Swamp: Lair:2-4    Shoals: Lair:2-4     Snake: Lair:2-4    Spider: Lair:2-4

Altars:
Ashenzari
Cheibriados
Dithmenos
Elyvilon
Fedhas
Gozag
Hepliaklqana
Kikubaaqudgha
Makhleb
Nemelex Xobeh
Okawaru
Qazlal
Ru
Sif Muna
Trog
Uskayaw
Vehumet
Wu Jian
Xom
Yredelemnul
Zin
The Shining One
Beogh

Shops:
D:9 %   D:12 :

Portals:
Trove: D:12 (give 16 potions of curing)

Annotations:
D:11 2 transporters


Innate Abilities, Weirdness & Mutations

You are resistant to damage.
You can heal yourself by infusing magical energy.
You passively map the area around you.
You do not regenerate.


Message History

Throwing (i - inventory. (/) - cycle)
w - 35 poisoned darts (quivered)
Press: ? - help, Shift-Dir - straight line, f/p - yak
Aim: a yak (moderately wounded, poisoned)
You throw a poisoned dart. The poisoned dart hits the yak!
The yak looks as sick as possible!
The yak is moderately wounded.
Throwing (i - inventory. (/) - cycle)
w - 34 poisoned darts (quivered)
Press: ? - help, Shift-Dir - straight line, f - yak, p - yak
Aim: a yak You throw a poisoned dart.
The poisoned dart hits the yak!
The yak is poisoned.
You hit the spiny frog. You burn the spiny frog.
The spiny frog is lightly wounded.
You closely miss the yak. The spiny frog stings you!
* * * LOW HITPOINT WARNING * * *
The yak completely misses you.
You slice the spiny frog!! You burn the spiny frog.
The spiny frog is almost dead.
You closely miss the yak. You hit the yak. You burn the yak.
The spiny frog stings you!
You die...

# #..#####
#####.#.##P##
...#........####
........÷....#.#
..............##
##P#.#.####....####
######.# ##......#
*## ##.....# #####
##..@F# ##P..####
##.YYY# ........###
#.(.#.# ..........#
###..,.#
..........### * ..(
.#* ####.##..#..# *
##.( .# #
#.####....### #.( #
### ##....P# *..(
** ### #..†..### **


You could see 3 yaks and a spiny frog.

Vanquished Creatures
  3 hydras
  Erica (D:8)
  2 two-headed ogres
  Pikel (D:5)
  2 ugly things (D:12)
  A manticore (D:11)
  Maurice (D:8)
  2 centaur zombies
  Psyche (D:8)
  A gargoyle (D:10)
  4 spiny frogs
  A rime drake (Lair:2)
  2 komodo dragons (Lair:2)
  4 trolls
  5 slime creatures (D:12)
  4 blink frogs (Lair:1)
  2 hippogriffs
  9 yaks
  A wyvern (D:12)
  A wraith (D:9)
  3 hogs (D:7)
  2 basilisks (D:8)
  A human (D:7)
  A hungry ghost (D:4)
  2 acid dragons (D:11)
  2 water moccasins
  8 porcupines
  4 sky beasts
  5 orc warriors
  5 ice beasts
  Purgy (Sewer)
  2 ogres
  2 black bears
  3 phantoms
  11 centaurs
  13 killer bees
  5 wolves (Lair:1)
  4 crocodiles
  A big kobold (D:12)
  Blork the orc (D:5)
  2 gnoll sergeants
  11 bullfrogs
  A wyvern zombie (D:5)
  2 elf zombies (D:9)
  6 scorpions
  19 wights
  An electric eel (Lair:1)
  4 howler monkeys
  7 crimson imps
  A bullfrog zombie (D:7)
  11 hounds
  A quasit (D:6)
  Crazy Yiuf (D:2)
  A jelly (D:5)
  4 bullfrog skeletons
  3 human zombies (D:9)
  5 orc priests
  3 centaur skeletons
  7 iguanas
  9 orc wizards
  3 human skeletons (D:9)
  Natasha (thrice) (D:3)
  13 worker ants
  3 hound skeletons
  7 gnolls
  11 adders
  A howler monkey skeleton (D:8)
  A river rat (D:6)
  A shadow imp (D:11)
  3 worms
  13 leopard geckos
  29 orcs
  8 bats
  8 giant cockroaches
  14 goblins
  10 hobgoblins
  16 jackals
  6 quokkas
  4 ball pythons
  12 frilled lizards
  18 kobolds
  A leopard gecko skeleton (D:4)
  An orc zombie (D:9)
  8 rats
417 creatures vanquished.

Vanquished Creatures (others)
  A killer bee (D:7)
  A worker ant (D:8)
  Robin (D:2)
  3 plants
6 creatures vanquished.

Grand Total: 423 creatures vanquished

Notes
Turn   | Place    | Note
-------+----------+-------------------------------------------
     0 | D:1      | vegansnacktivist the Deep Dwarf Fighter began the quest for
                  | the Orb.
     0 | D:1      | Reached XP level 1. HP: 20/20 MP: 1/1
    77 | D:1      | Reached skill level 3 in Axes
    92 | D:1      | Reached XP level 2. HP: 27/27 MP: 2/2
   481 | D:1      | Reached XP level 3. HP: 31/33 MP: 3/3
   691 | D:2      | Reached skill level 4 in Axes
   800 | D:2      | Found a shimmering altar of Xom.
   975 | D:2      | Found a runed translucent door.
   976 | D:2      | Noticed Crazy Yiuf
  1081 | D:2      | Reached XP level 4. HP: 33/40 MP: 4/4
  1362 | D:2      | Killed Crazy Yiuf
  1362 | D:2      | Reached skill level 5 in Axes
  1454 | D:3      | Noticed Robin
  1467 | D:2      | Killed Robin
  1584 | D:3      | Noticed Natasha
  1592 | D:3      | Killed Natasha
  1592 | D:3      | Reached XP level 5. HP: 39/46 MP: 5/5
  1701 | D:3      | Noticed Natasha
  1709 | D:3      | Killed Natasha
  1709 | D:3      | Reached skill level 6 in Axes
  2084 | D:3      | Noticed Natasha
  2096 | D:3      | Killed Natasha
  2096 | D:3      | Reached skill level 1 in Throwing
  2283 | D:4      | Found a basalt altar of Yredelemnul.
  2335 | D:4      | Reached XP level 6. HP: 27/55 MP: 6/6
  2677 | D:4      | Noticed a hungry ghost
  2711 | D:4      | Killed a hungry ghost
  2711 | D:4      | Reached XP level 7. HP: 20/61 MP: 7/7
  2735 | D:4      | Reached skill level 5 in Throwing
  2857 | D:4      | Reached skill level 7 in Axes
  2960 | D:5      | Entered Level 5 of the Dungeon
  3146 | D:5      | Reached skill level 8 in Axes
  3146 | D:5      | Reached XP level 8. HP: 36/68 MP: 6/6
  3159 | D:5      | Noticed Pikel
  3184 | D:5      | Killed Pikel
  3184 | D:5      | Reached skill level 9 in Axes
  3278 | D:5      | Found a stormy altar of Qazlal.
  3278 | D:5      | Found a bloodstained altar of Trog.
  3327 | D:5      | Reached skill level 10 in Axes
  3471 | D:5      | Noticed Blork the orc
  3495 | D:5      | Killed Blork the orc
  3507 | D:5      | Found a shimmering blue altar of Sif Muna.
  3870 | D:5      | Found a staircase to the Ecumenical Temple.
  4057 | Temple   | Entered the Ecumenical Temple
  4218 | Temple   | Became a worshipper of Makhleb the Destroyer
  4315 | D:6      | Reached skill level 11 in Axes
  4343 | D:6      | Found a glowing drain.
  4361 | Sewer    | Entered a sewer
  4409 | Sewer    | Gained mutation: You passively map the area around you.
                  | [Deep Dwarf growth]
  4409 | Sewer    | Reached XP level 9. HP: 51/74 MP: 7/7
  4432 | Sewer    | Noticed Purgy
  4443 | Sewer    | Killed Purgy
  5039 | D:6      | Reached * piety under Makhleb
  5054 | D:6      | Reached skill level 12 in Axes
  5167 | D:6      | Reached skill level 1 in Invocations
  5469 | D:7      | Found an opulent altar of Gozag.
  5540 | D:7      | Found a blossoming altar of Fedhas.
  5576 | D:7      | Reached skill level 5 in Invocations
  5937 | D:7      | Reached XP level 10. HP: 31/81 MP: 12/12
  6125 | D:7      | Reached ** piety under Makhleb
  6546 | D:8      | Noticed Erica
  6611 | D:8      | Reached skill level 10 in Invocations
  6774 | D:8      | Killed Erica
  6861 | D:8      | Found a shadowy altar of Dithmenos.
  6874 | D:8      | Reached skill level 1 in Evocations
  6954 | D:8      | Reached skill level 5 in Evocations
  7135 | D:8      | Found a staircase to the Lair.
  7257 | D:8      | Noticed Psyche
  7271 | D:8      | Killed Psyche
  7454 | D:8      | Reached skill level 5 in Armour
  7580 | D:8      | Reached *** piety under Makhleb
  7608 | D:8      | Noticed Maurice
  7622 | D:8      | Killed Maurice
  7626 | D:8      | Reached XP level 11. HP: 48/88 MP: 12/12
  7849 | D:8      | Found a white marble altar of Elyvilon.
  8097 | D:9      | Found a radiant altar of Vehumet.
  8487 | D:9      | Found an ancient bone altar of Kikubaaqudgha.
  8622 | D:9      | Reached **** piety under Makhleb
  8915 | D:9      | Found Limam's Food Shop.
  9133 | D:10     | Entered Level 10 of the Dungeon
  9401 | D:10     | Noticed a two-headed ogre
  9441 | D:10     | Killed a two-headed ogre
  9441 | D:10     | Reached skill level 10 in Armour
  9992 | D:11     | Found a blossoming altar of Fedhas.
 10141 | D:11     | Reached skill level 1 in Dodging
 10385 | D:11     | Reached ***** piety under Makhleb
 10652 | D:11     | Found a transporter.
 10655 | D:11     | Noticed an ogre mage
 10658 | D:11     | Noticed a two-headed ogre
 10697 | D:11     | Found a roughly hewn altar of Beogh.
 10697 | D:11     | Found a transporter.
 10910 | D:12     | Noticed an eight-headed hydra
 10932 | D:12     | Killed a one-headed hydra
 10932 | D:12     | Reached skill level 5 in Dodging
 10932 | D:12     | Reached XP level 12. HP: 65/96 MP: 3/3
 10957 | D:12     | Noticed a two-headed ogre
 10971 | D:12     | Killed a two-headed ogre
 11162 | D:12     | Found a portal to a secret trove of treasure.
 11330 | D:12     | Found a staircase to the Orcish Mines.
 11484 | D:12     | Found Rynymeku's Book Shoppe.
 11891 | Lair:1   | Entered Level 1 of the Lair of Beasts
 12024 | Lair:1   | Noticed a four-headed hydra
 12037 | Lair:1   | Killed a one-headed hydra
 12230 | Lair:1   | Reached skill level 10 in Dodging
 12315 | Lair:1   | Noticed a seven-headed hydra
 12706 | Lair:1   | Killed a two-headed hydra
 13217 | Lair:2   | Slain by a spiny frog

Levels and vault maps discovered:
D:1:      shiori_arrival_maze, layout_basic, serial_glass, glass_columns_c,
          glass_columns_a, glass_columns_b, glass_columns_a, glass_columns_a,
          minmay_tromino_mix6
D:2:      layout_rooms, brannock_xom_greatest_gift, uniq_crazy_yiuf_cottage
D:3:      layout_loops_ring, first_ration, uniq_natasha, uniq_robin
D:4:      layout_loops_ring, lemuel_round_altar, hangedman_decor_opposing,
          minmay_divided_ellipse
D:5:      layout_basic, tgw_sif, minitemple, minmay_temple_entry_purple_smoke,
          uniq_pikel
D:6:      layout_basic, portal_sewer_entry_b, due_unseen_surprise
D:7:      layout_cave_pods, nicolae_gozag_cash_rules_everything_around_me,
          grunt_livestock, fedhas_altar_1
D:8:      layout_cave_pods, lemuel_doored_altar, kennysheep_little_box,
          minmay_lair_entry_grove, uniq_psyche, uniq_maurice, uniq_erica
D:9:      layout_long_grid, lemuel_mausoleum_altar_kikubaaqudgha,
          vehumet_crystals, serial_shops, shop_statue
D:10:     layout_loops_cross, nrook_campfire
D:11:     gammafunk_beogh_shrine, layout_stronghold, basic_altar
D:12:     layout_loops_ring, orc_0_dummy, enter_trove_3, serial_shops,
          nicolae_shop_temple_entry_statues_fountains,
          chequers_serial_rivers_micro_d
Temple:   minmay_temple_bridge_abc
Lair:1:   layout_chaotic_city, serial_bayou_ford_a
Lair:2:   layout_concentric_octagons, serial_bayou_shore_b

Skill      XL: |  1  2  3  4  5  6  7  8  9 10 11 12 |
---------------+-------------------------------------+-----
Axes           | 3 4 5 6 8 11 12 | 12.7
Throwing       | 2 4 5 |  5.2
Invocations    | 9 11 | 11.1
Evocations     | 7 |  7.3
Armour         | 6 11 | 11.1
Dodging        | 5 11 | 11.2
Fighting       | |  2.6
Shields        | |  3.2

Action                   |  1- 3 |  4- 6 |  7- 9 | 10-12 || total
-------------------------+-------+-------+-------+-------++-------
Melee: War axe           |   141 |   170 |   438 |  1033 ||  1782
       Scimitar          |       |       |       |    12 ||    12
       Battleaxe         |       |       |       |   158 ||   158
Throw: Dart              |       |    11 |    68 |   228 ||   307
Invok: Minor Destruction |       |       |       |    10 ||    10
 Abil: Heal Wounds       |       |     2 |     9 |    56 ||    67
Evoke: Wand              |       |       |     3 |    30 ||    33
  Use: Scroll            |       |       |    11 |     7 ||    18
       Potion            |       |       |       |     4 ||     4
 Stab: Paralysed         |       |       |     1 |    13 ||    14
  Eat: Chunk             |       |     7 |     7 |    25 ||    39
       Ration            |       |     2 |     1 |       ||     3
Armor: Scale mail        |    58 |    66 |   179 |   330 ||   633
       Skin              |       |       |       |    60 ||    60
       Acid dragon scale |       |       |       |   129 ||   129
Dodge: Dodged            |    48 |    49 |   125 |   479 ||   701
Block: Shield            |    74 |    96 |   215 |   494 ||   879

Table legend:
 A = Non-vault XP
 B = Vault XP
 C = Vault XP percentage of total XP
 D = Non-vault monster count
 E = Vault monster count
 F = Vault count percentage of total count
                 A         B        C        D         E       F
            +---------+---------+-------+---------+---------+-------
      Total |   27724 |    7130 |  20.5 |     338 |      81 |  19.3
            +---------+---------+-------+---------+---------+-------
        D:1 |      33 |      10 |  23.3 |      22 |       6 |  21.4
        D:2 |      55 |      46 |  45.5 |      16 |       2 |  11.1
        D:3 |     115 |      55 |  32.4 |      20 |      12 |  37.5
        D:4 |     297 |     535 |  64.3 |      19 |      11 |  36.7
        D:5 |     736 |     701 |  48.8 |      20 |       2 |   9.1
        D:6 |     914 |      36 |   3.8 |      21 |       6 |  22.2
        D:7 |    1333 |    1012 |  43.2 |      27 |       5 |  15.6
        D:8 |    1346 |    3861 |  74.2 |      30 |      16 |  34.8
        D:9 |    2354 |     737 |  23.8 |      33 |      12 |  26.7
       D:10 |    3362 |       0 |   0.0 |      23 |       0 |   0.0
       D:11 |    3314 |       0 |   0.0 |      37 |       0 |   0.0
       D:12 |    5804 |       0 |   0.0 |      38 |       0 |   0.0
     Lair:1 |    4988 |       0 |   0.0 |      19 |       0 |   0.0
     Lair:2 |    3073 |       0 |   0.0 |      13 |       0 |   0.0
      Sewer |       0 |     137 | 100.0 |       0 |       9 | 100.0
            +---------+---------+-------+---------+---------+-------
